 Dungeon Crawl Stone Soup version 0.26-a0-1191-ge2a0e31ab3 (webtiles) character file.

Game seed: 16796755004392177611

21 raceaflais the Magician (level 2, 13/13 HPs)
             Began as a Spriggan Wanderer on Dec 28, 2020.
             Got out of the dungeon alive.
             The game lasted 00:05:37 (1251 turns).

raceaflais the Magician (Spriggan Wanderer)         Turns: 1251, Time: 00:05:37

Health: 13/13      AC:  2    Str:  9    XL:     2   Next: 65%
Magic:  7/7        EV: 15    Int: 12    God:
Gold:   45         SH:  0    Dex: 15    Spells: 7/7 levels left

rFire    . . .     SeeInvis +   a - +2 dagger
rCold    + . .     Faith    .   (shield restricted)
rNeg     . . .     Spirit   .   e - +0 robe
rPois    .         Reflect  .   (helmet restricted)
rElec    .         Harm     .   (no cloak)
rCorr    .         Rampage  .   (gloves unavailable)
Will     .....                  (boots unavailable)
Stlth    ++........             (no amulet)
HPRegen  0.04/turn              k - ring of protection from cold
MPRegen  0.10/turn              (no ring)

@: very quick
A: very small, unfitting armour, see invisible, speed 3
a: no special abilities


You escaped.
You visited 1 branch of the dungeon, and saw 1 of its levels.

You collected 45 gold pieces.

Inventory:

Hand Weapons
 a - a +2 dagger (weapon)
 h - a +0 club
 i - a +0 whip
Missiles
 d - 11 sling bullets
 f - 35 stones (quivered)
 g - 22 arrows
Armour
 e - a +0 robe (worn)
 j - a +0 pair of boots
 m - a +0 leather armour
Jewellery
 k - a ring of protection from cold (left hand)
Scrolls
 b - a scroll of fear
 l - a scroll of remove curse
Potions
 c - 2 potions of curing
 n - a potion of resistance {unknown}


   Skills:
 + Level 0.4 Short Blades
 + Level 1.0 Throwing
 + Level 1.5 Stealth
 + Level 3.3 Spellcasting
 + Level 3.1 Transmutations
 + Level 1.6 Fire Magic
 + Level 2.1 Air Magic


You had 7 spell levels left.
You didn't know any spells.
Your spell library contained the following spells:

 Spells                   Type           Power        Failure   Level
 Shock                    Conj/Air       16%          16%         1
 Apportation              Tloc           4%           24%         1
 Static Discharge         Conj/Air       4%           41%         3
 Teleport Other           Tloc           2%           56%         3


Dungeon Overview and Level Annotations

Branches:
Dungeon (1/15)

Altars:


Innate Abilities, Weirdness & Mutations

You are very small and have problems with some larger weapons.
You are too small for most types of armour.
You have supernaturally acute eyesight. (SInv)
You cover ground extremely quickly.


Message History

There is an open door here.
You open the door.
There is an open door here.
You open the door.
n - a white potion
As you read the scroll labelled ORUSTRY YLUU, it crumbles to dust.
You feel blessed for a moment.
It was a scroll of remove curse.
There is a stone staircase leading down here.
There is an open door here.
There is a staircase leading out of the dungeon here.
Unknown command.
You are now empty-handed.
a - a +2 dagger (weapon)
There are no items here.
Unknown command.
You can't go down here!
Are you sure you want to leave the Dungeon?
This will make you lose the game!
Alright, then stay!
Are you sure you want to leave the Dungeon?
This will make you lose the game!
You have escaped!

#.# #.# ###..## #.###.#.#. #.##
#.# #.....# #.###.#.#.
##..########.###†###.###..##.#.#.
......##.......#.#.....'...#.#.#.
#.....##.#'#.#'#####.#+#.....#.#.
.........+.#.#.....'.#.....#.....
#.....)..#.#.#.....#.#.#...###...
##....##.#.#+#..>..#+#.#.........
##.#.##.#.#.#..@..#.#.#.........
###.##.+.#.'.....#.#...######.#
#.##.###.#####+#.#+#.# #.#
#.##.......#†'.....'.# #.#
#.######.###'###.##### ###.# #.#
#...#..# #.# #...# #####.##
#.#...## #.# #.###
#.##...####.#.### #.# #.#
............#.# #.# #.#


There were no monsters in sight!

Vanquished Creatures
  A leopard gecko (D:1)
  4 bats (D:1)
  A giant cockroach (D:1)
  2 goblins (D:1)
  3 hobgoblins (D:1)
  2 jackals (D:1)
  2 kobolds (D:1)
15 creatures vanquished.

Notes
Turn   | Place    | Note
-------+----------+-------------------------------------------
     0 | D:1      | raceaflais the Spriggan Wanderer began the quest for the
                  | Orb.
     0 | D:1      | raceaflais set off with the following items: a +2 dagger, a
                  | scroll of fear, a +0 robe; and the following spells
                  | available to memorise: Shock, Apportation, Static
                  | Discharge, Teleport Other
     0 | D:1      | Reached XP level 1. HP: 9/9 MP: 5/5
   396 | D:1      | Reached XP level 2. HP: 13/13 MP: 7/7
  1251 | D:$      | Got out of the dungeon alive.

Illustrated notes

Levels and vault maps discovered:
D:1:      shiori_arrival_maze, layout_loops_ring

Skill      XL: |  1  2 |
---------------+-------+-----
Transmutations | 3 |  3.1
Spellcasting   | 3 |  3.3
Air Magic      | 2 |  2.1
Short Blades   | |  0.4
Throwing       | |  1.0
Stealth        | |  1.5
Fire Magic     | |  1.6

Action                   || total
-------------------------++-------
Melee: Dagger            ||    44
  Use: Potion            ||     3
       Scroll            ||     1
 Stab: Sleeping          ||     2
Armor: Robe              ||    11
Dodge: Dodged            ||    39

Table legend: (Time is in decaauts)
 A = Elapsed time spent in this place.
 B = Non-inter-level travel time spent in this place.
 C = Inter-level travel time spent in this place.
 D = Time resting spent in this place.
 E = Time spent auto-exploring this place.
 F = Levels seen in this place.
 G = Mean time per level.
                   A        B        C        D        E       F      G
               +--------+--------+--------+--------+--------+-----+--------+
         Total |    926 |    525 |    401 |    343 |     75 |   1 |  926.0 |
       Dungeon |    926 |    525 |    401 |    343 |     75 |   1 |  926.0 |
               +--------+--------+--------+--------+--------+-----+--------+

Top non-repeatable levels by time:
     D:1: 926 daAuts
